 Dungeon Crawl Stone Soup version 0.13.0-17-g5f0e85f (webtiles) character file.

16906 Aelig the Bewitcher (level 12, -14/51 HPs)
             Began as a Spriggan Enchanter on Oct 21, 2013.
             Was a High Priest of Nemelex Xobeh.
             Hit by a large rock thrown by a cyclops (23 damage)
             ... on Level 13 of the Dungeon.
             The game lasted 01:24:21 (17145 turns).

Aelig the Bewitcher (Spriggan Enchanter)           Turns: 17145, Time: 01:24:26

HP -14/51        AC  9     Str  6      XL: 12   Next:  8%
MP  17/31        EV 18     Int 18      God: Nemelex Xobeh [*****.]
Gold 595         SH  0     Dex 18      Spells:  3 memorised, 22 levels left

Res.Fire  : + . .   See Invis. : +   a - +0,+3 dagger (flame)
Res.Cold  : . . .   Warding    : .   y - +1 robe
Life Prot.: . . .   Conserve   : .   (shield restricted)
Res.Poison: .       Res.Corr.  : +   z - +1 wizard hat
Res.Elec. : .       Clarity    : .   r - +0 cloak
Sust.Abil.: . .     Spirit.Shd : .   (gloves unavailable)
Res.Mut.  : .       Stasis     : .   (boots unavailable)
Res.Rott. : .       Flight     : .   S - amulet of resist corrosion
Saprovore : . . .                    f - ring of protection from fire
                                     v - +4 ring of protection

@: drained, very quick, quite resistant to hostile enchantments, extraordinarily
stealthy
A: unfitting armour, see invisible, herbivore 3, speed 3, slow metabolism 2
a: Draw One, Peek at Two, Triple Draw, Deal Four, Stack Five, Renounce Religion


You were on level 13 of the Dungeon.
You worshipped Nemelex Xobeh.
Nemelex Xobeh was extremely pleased with you.
You were not hungry.

You visited 2 branches of the dungeon, and saw 14 of its levels.
You also visited: Sewer.

You collected 575 gold pieces.

Inventory:

Hand weapons
 a - a +0,+3 dagger of flaming (weapon)
 F - a cursed -1 blowgun
Missiles
 d - 12 darts (quivered)
 A - 36 poisoned needles
 H - 5 curare-tipped needles
Armour
 r - a +0 cloak (worn)
 y - a +1 robe (worn)
 z - a +1 wizard hat (worn)
Magical devices
 e - a wand of lightning (7) {unknown}
 D - a wand of polymorph (7) {unknown}
 E - a wand of lightning (5) {unknown}
 I - a wand of polymorph (6) {unknown}
 T - a wand of digging (13)
Comestibles
 o - 2 bread rations
Scrolls
 h - 8 scrolls of remove curse {unknown}
 j - 4 scrolls of identify
 k - 6 scrolls of teleportation {unknown}
 l - a scroll of curse jewellery {unknown}
 s - a scroll of magic mapping {unknown}
 C - a scroll of amnesia {unknown}
Jewellery
 f - a ring of protection from fire (right hand)
 u - a cursed ring of sustain abilities
 v - a +4 ring of protection (left hand)
 S - an amulet of resist corrosion (around neck)
Potions
 c - a potion of berserk rage {unknown}
 m - 4 potions of heal wounds
 p - a potion of restore abilities {unknown}
 q - 4 potions of curing
Miscellaneous
 b - a plain deck of destruction {drawn: 1}
 g - a plain deck of summonings {drawn: 4}
 n - an ornate deck of escape {drawn: 4}
 t - an ornate deck of destruction
 w - a plain deck of summonings {drawn: 1}
 x - a plain deck of escape {drawn: 1}
 B - an ornate deck of summonings
 P - an ornate deck of summonings {drawn: 2}


   Skills:
 - Level 3.2(3.0) Short Blades
 - Level 1.1(0.9) Throwing
 - Level 3.0(2.8) Dodging
 - Level 14.2(13.9) Stealth
 + Level 8.8(8.5) Spellcasting
 + Level 15.0(14.7) Hexes
 * Level 12.3(12.0) Evocations


You had 22 spell levels left.
You knew the following spells:

 Your Spells              Type           Power        Failure   Level  Hunger
a - Corona                Hex            ######.      1%          1    None
b - Ensorcelled Hibernat  Hex/Ice        ####..       1%          2    None
c - Confuse               Hex            ######..     1%          3    #......


Dungeon Overview and Level Annotations

Branches:
Dungeon (13/27)            Temple (1/1) D:7             Orc (0/4) D:8
   Lair: D:8-13

Altars:
Ashenzari
Cheibriados
Elyvilon
Fedhas
Kikubaaqudgha
Makhleb
Nemelex Xobeh
Okawaru
Sif Muna
Trog
Vehumet
Xom
Yredelemnul
Zin
the Shining One

Shops:
D:4 (   D:12 %

Annotations:
D:12 Josephine


Innate Abilities, Weirdness & Mutations

You are tiny and cannot use many weapons and most armour.
You have supernaturally acute eyesight.
You are a herbivore.
You cover ground extremely quickly.
You need consume almost no food.


Message History

Confirm with . or Enter, or press ? or * to list all spells.
Aiming: Ensorcelled Hibernation
Press: ? - help, Shift-Dir - straight line, f/p - cyclops
Aim: a cyclops The cyclops looks drowsy...
The sheep barely misses you. The sheep barely misses you.
The sheep closely misses you.
The cyclops shouts!
The cyclops misses you.
You hit the cyclops but do no damage.
Use which ability? (? or * to list) Triple draw from which deck? (? for menu, Esc to quit)
You draw... (choose one card, ? for their descriptions)
A - the Warp
B - the Warp
C - the Portal You blink.
You feel somewhat more hungry.
You found a teleport trap!
The cyclops throws a large rock.
The large rock hits you!
You die...
Your body glows slightly and disappears.

#.. #.....
#......
#...$..#
#......#
#......##
#^.......
#.........
#@........
#.........
#..###...
#..# .
#..# #C.#
#ยง.# #Y.#
#..# ...


You could see a cyclops and a sheep.

Vanquished Creatures
  Erica (D:10)
  Erolcha (D:11)
  An unseen horror (D:10)
  3 hill giants
  A cyclops (D:12)
  Sonja (D:10)
  2 two-headed ogres (D:10)
  A trapdoor spider zombie (D:12)
  A shadow (D:12)
  The ghost of Duskembrace the Grasshopper, an average FeWr (D:5)
  A basilisk (D:12)
  A wyvern (D:9)
  7 ugly things
  A wraith (D:11)
  2 hill giant zombies
  6 yaks
  Grum (D:10)
  A steam dragon (D:7)
  3 wolves (D:10)
  Menkaure (D:7)
  3 manticores (D:11)
  3 black bears
  Purgy (D:4)
  8 ogres
  A yellow wasp (D:7)
  3 ice beasts
  8 orc warriors
  2 sky beasts
  2 phantoms (D:9)
  14 centaurs
  A crocodile (D:12)
  2 big kobolds
  A cyclops zombie (D:12)
  10 giant frogs
  A yaktaur skeleton (D:12)
  The ghost of Kejsarherre the Cudgeler, a weakling OgWn (D:4)
  An eye of draining (D:11)
  12 killer bees
  5 wights (D:6)
  2 giant frog zombies
  7 crimson imps
  A goliath beetle (D:6)
  2 quasits
  A yellow wasp zombie (D:12)
  2 centaur zombies
  2 jellies
  A two-headed ogre skeleton (D:12)
  A giant frog skeleton (D:12)
  6 orc priests
  10 orc wizards
  2 hounds
  3 scorpions
  2 iguanas
  8 worker ants
  A sheep (D:13)
  A mummy (D:6)
  2 worker ant zombies
  8 adders
  3 gnolls (D:4)
  2 giant mites
  4 worms
  An iguana zombie (D:7)
  2 giant eyeballs (D:7)
  2 iguana skeletons
  8 giant geckos
  4 oozes
  48 orcs
  2 ball pythons (Sewer)
  24 bats
  7 goblins
  17 hobgoblins
  11 jackals
  A quokka (D:2)
  7 giant cockroaches
  6 giant newts
  19 kobolds
  An orc skeleton (D:5)
  A quokka skeleton (D:3)
  8 rats
  12 ballistomycetes
  A fungus (D:10)
369 creatures vanquished.

Vanquished Creatures (collateral kills)
  Gastronok (D:11)
  A two-headed ogre simulacrum (D:12)
  2 orcs (D:9)
4 creatures vanquished.

Vanquished Creatures (others)
  An orc warrior (D:8)
  2 orc priests (D:8)
  2 giant geckos
  4 orcs (D:8)
  A quokka (D:2)
  2 giant spores
12 creatures vanquished.

Grand Total: 385 creatures vanquished

Notes
Turn   | Place    | Note
--------------------------------------------------------------
     0 | D:1      | Aelig, the Spriggan Enchanter, began the quest for the Orb.
     0 | D:1      | Reached XP level 1. HP: 9/9 MP: 4/4
   695 | D:1      | Reached XP level 2. HP: 13/13 MP: 5/7
  1381 | D:2      | Reached XP level 3. HP: 16/16 MP: 10/10
  1385 | D:2      | Learned a level 2 spell: Ensorcelled Hibernation
  1389 | D:2      | Learned a level 3 spell: Confuse
  1392 | D:2      | Found a glowing golden altar of the Shining One.
  1393 | D:2      | Noticed an angel
  1401 | D:2      | Found a basalt altar of Yredelemnul.
  1402 | D:2      | Noticed a profane servitor
  1844 | D:2      | Reached skill level 4 in Spellcasting
  2632 | D:3      | Noticed a giant frog
  2644 | D:3      | Killed a giant frog
  2644 | D:3      | Reached skill level 5 in Spellcasting
  2644 | D:3      | Reached XP level 4. HP: 21/21 MP: 8/15
  2919 | D:3      | Reached skill level 6 in Spellcasting
  2919 | D:3      | Reached XP level 5. HP: 24/24 MP: 14/18
  3801 | D:4      | Found Kloife Cefi's Weapon Shoppe.
  3831 | D:4      | Reached skill level 7 in Spellcasting
  3836 | D:4      | Reached XP level 6. HP: 28/28 MP: 2/21
  3944 | D:4      | Found a glowing drain.
  3966 | Sewer    | Entered a sewer
  4488 | D:4      | Noticed Purgy
  4522 | D:4      | Killed Purgy
  4522 | D:4      | Reached skill level 5 in Stealth
  4672 | D:4      | Noticed Kejsarherre's ghost (weakling OgWn)
  4689 | D:4      | Killed Kejsarherre's ghost
  4855 | D:5      | Entered Level 5 of the Dungeon
  5030 | D:5      | Reached XP level 7. HP: 32/32 MP: 23/23
  5086 | D:5      | Reached skill level 5 in Hexes
  5091 | D:5      | Noticed Duskembrace's ghost (average FeWr)
  5099 | D:5      | Killed Duskembrace's ghost
  5099 | D:5      | Reached skill level 8 in Stealth
  5206 | D:5      | Reached skill level 9 in Stealth
  5541 | D:5      | Reached XP level 8. HP: 23/36 MP: 21/25
  6127 | D:6      | Reached skill level 10 in Stealth
  6345 | D:6      | Reached skill level 11 in Stealth
  6617 | D:6      | Found a sparkling altar of Nemelex Xobeh.
  6638 | D:6      | Became a worshipper of Nemelex Xobeh
  6661 | D:6      | Received a gift from Nemelex Xobeh
  6738 | D:6      | Acquired Nemelex Xobeh's first power
  7177 | D:6      | Found a white marble altar of Elyvilon.
  7203 | D:6      | Reached skill level 12 in Stealth
  7232 | D:6      | Received a gift from Nemelex Xobeh
  7395 | D:6      | Found a snail-covered altar of Cheibriados.
  7401 | D:6      | Found an ancient bone altar of Kikubaaqudgha.
  7582 | D:7      | Noticed Menkaure
  7787 | D:6      | Reached skill level 1 in Evocations
  7929 | D:7      | Found a shimmering altar of Xom.
  7931 | D:7      | Noticed an angel
  7932 | D:7      | Found a glowing silver altar of Zin.
  7973 | D:7      | Killed Menkaure
  8089 | D:7      | Reached XP level 9. HP: 39/39 MP: 22/27
  8154 | D:7      | Acquired Nemelex Xobeh's second power
  8355 | D:7      | Found a staircase to the Ecumenical Temple.
  8390 | D:7      | Paralysed by a giant eyeball for 4 turns
  8411 | D:7      | Paralysed by a giant eyeball for 3 turns
  8617 | D:7      | Acquired Nemelex Xobeh's third power
  8633 | D:7      | Paralysed by a giant eyeball for 2 turns
  8637 | D:7      | Paralysed by a giant eyeball for 2 turns
  8679 | D:7      | Received a gift from Nemelex Xobeh
  9153 | D:7      | Paralysed by a giant eyeball for 4 turns
  9208 | D:7      | Reached skill level 10 in Hexes
  9208 | D:7      | Reached skill level 5 in Evocations
  9220 | D:7      | Paralysed by a giant eyeball for 3 turns
  9394 | D:7      | Paralysed by a giant eyeball for 4 turns
  9407 | D:7      | Paralysed by a giant eyeball for 4 turns
  9428 | Temple   | Entered the Ecumenical Temple
  9861 | D:8      | Acquired Nemelex Xobeh's fourth power
 10468 | D:8      | Received a gift from Nemelex Xobeh
 10585 | D:8      | Found a staircase to the Orcish Mines.
 10709 | D:9      | Reached XP level 10. HP: 31/44 MP: 21/28
 11425 | D:9      | Acquired Nemelex Xobeh's fifth power
 11777 | D:10     | Entered Level 10 of the Dungeon
 11875 | D:10     | Reached skill level 13 in Stealth
 11972 | D:10     | Received a gift from Nemelex Xobeh
 11988 | D:10     | Noticed Grum
 12048 | D:10     | Killed Grum
 12155 | D:10     | Reached skill level 14 in Stealth
 12246 | D:10     | Noticed Erica
 12526 | D:10     | Killed Erica
 12578 | D:10     | Noticed an unseen horror
 12582 | D:10     | Killed an unseen horror
 12603 | D:10     | Reached XP level 11. HP: 47/47 MP: 22/29
 12654 | D:10     | Noticed Sonja
 12660 | D:10     | Killed Sonja
 12697 | D:10     | Noticed a hill giant
 12705 | D:10     | Killed a hill giant
 12705 | D:10     | Reached skill level 10 in Evocations
 13202 | D:11     | Noticed Erolcha
 13208 | D:11     | Killed Erolcha
 13210 | D:11     | Received a gift from Nemelex Xobeh
 13282 | D:11     | Noticed Gastronok
 14032 | D:11     | Received a gift from Nemelex Xobeh
 14405 | D:11     | Received a gift from Nemelex Xobeh
 14547 | D:11     | Received a gift from Nemelex Xobeh
 14553 | D:11     | Killed Gastronok
 14794 | D:12     | Noticed Josephine
 15369 | D:12     | Received a gift from Nemelex Xobeh
 15610 | D:12     | Found Schoer's Food Boutique.
 15784 | D:12     | Noticed a hill giant
 15784 | D:12     | Noticed a stone giant
 15960 | D:12     | Killed a hill giant
 16272 | D:12     | Noticed a hill giant
 16283 | D:12     | Killed a hill giant
 16939 | D:13     | Reached XP level 12. HP: 34/51 MP: 22/31
 16976 | D:13     | Reached skill level 15 in Hexes
 17085 | D:13     | Noticed a centaur warrior
 17108 | D:13     | Noticed an unseen horror
 17145 | D:13     | Hit by a large rock thrown by a cyclops

Action                   |  1- 3 |  4- 6 |  7- 9 | 10-12 || total
-------------------------+-------+-------+-------+-------++-------
Melee: Dagger            |   134 |   239 |   326 |   338 ||  1037
 Cast: Corona            |    15 |     5 |       |       ||    20
       Ensorcelled Hiber |     3 |    30 |   115 |   172 ||   320
       Confuse           |       |     3 |    19 |    62 ||    84
Invok: Draw One          |       |       |     4 |    26 ||    30
       Triple Draw       |       |       |       |     1 ||     1
Evoke: Wand              |       |       |     2 |       ||     2
       Deck              |       |       |       |     1 ||     1
  Use: Scroll            |       |     2 |     2 |       ||     4
       Potion            |       |     2 |       |     1 ||     3
 Stab: Sleeping          |     9 |    25 |    63 |   101 ||   198
       Distracted        |       |     2 |     2 |     2 ||     6
       Confused          |       |     3 |    12 |    17 ||    32
